 Dungeon Crawl Stone Soup version 0.29-b1-11-g2030932060 (webtiles) character file.

Game seed: 2277129912030681703

403 sking99 the Conjurer (level 6, -9/63 HPs)
             Began as an Ogre Conjurer on Aug 23, 2022.
             Was an Initiate of Hepliaklqana.
             Killed from afar by a white imp (10 damage)
             ... with a puff of frost
             ... on level 3 of the Dungeon.
             The game lasted 00:11:46 (4749 turns).

sking99 the Conjurer (Ogre Conjurer)                Turns: 4749, Time: 00:11:47

Health: -9/63      AC:  3    Str:  8    XL:     6   Next: 86%
Magic:  3/12       EV:  9    Int: 25    God:    Hepliaklqana [......]
Gold:   166        SH:  5    Dex:  7    Spells: 3/13 levels left

rFire   . . .      SeeInvis +   p - +0 whip (drain)
rCold   . . .      Faith    .   (no shield)
rNeg    . . .      Spirit   .   a - +0 robe
rPois   .          Reflect  +   (helmet restricted)
rElec   .          Harm     .   (no cloak)
rCorr   .          Rampage  .   (gloves unavailable)
Will    .....                   (boots unavailable)
Stlth   +.........              c - amulet of the Amorous Plum {Reflect Str-4 Int+4 SH+5 SInv}
HPRegen 0.20/turn               (no ring)
MPRegen 0.13/turn               (no ring)

@: no status effects
A: large, unfitting armour, tough skin 1
a: Renounce Religion


You were on level 3 of the Dungeon.
You worshipped Hepliaklqana.
Hepliaklqana was noncommittal.
You visited 1 branch of the dungeon, and saw 4 of its levels.

You collected 166 gold pieces.

Inventory:

Hand Weapons
 p - a +0 whip of draining (weapon)
Armour
 a - a +0 robe (worn)
 f - a +0 tower shield
Jewellery
 c - the amulet of the Amorous Plum (around neck) {Reflect Str-4 Int+4 SH+5 SInv}
   (You acquired it on level 4 of the Dungeon)

   [amulet of reflection]

   It reflects blocked missile attacks.
   Str:       It affects your strength (-4).
   Int:       It affects your intelligence (+4).
   SInv:      It lets you see invisible.
   SH:        It affects your SH (+5).
Scrolls
 j - a scroll of silence
Potions
 b - 2 potions of magic
 h - a potion of brilliance
 l - 3 potions of mutation
 m - a potion of heal wounds
 n - a potion of resistance


   Skills:
 + Level 4.5 Fighting
 - Level 1.7 Dodging
 - Level 1.4 Stealth
 - Level 4.0 Spellcasting
 - Level 5.0 Conjurations
 + Level 2.6 Hexes


You had 3 spell levels left.
You knew the following spells:

 Your Spells              Type           Power      Damage    Failure   Level
a - Magic Dart            Conj           100%       1d8       1%          1
b - Searing Ray           Conj           60%        2d6       1%          2
c - Dazzling Flash        Conj/Hex       48%        N/A       6%          3
d - Fulminant Prism       Conj/Hex       12%        3d9       19%         4

Your spell library contained the following spells:

 Spells                   Type           Power      Damage    Failure   Level
 Mephitic Cloud           Conj/Pois/Air  13%        N/A       14%         3
 Ignite Poison            Fire/Tmut/Pois 5%         N/A       26%         3
 Iskenderun's Mystic Bla  Conj/Tloc      17%        2d5       32%         4
 Freezing Cloud           Conj/Ice/Air   6%         6-21      78%         5


Dungeon Overview and Level Annotations

Branches:
Dungeon (4/15)
 Temple: D:4-7

Altars:
Hepliaklqana
Qazlal
Trog

Shops:
D:3 :

Annotations:
D:4 Menkaure, Pikel


Innate Abilities, Weirdness & Mutations

You are too large for most types of armour.
You have tough skin. (AC +1)


Message History

Something hits your butterfly!
Your butterfly dies!
Your butterfly disappears in a burst of colours!
The adder completely misses your butterfly.
Unknown command.
Menkaure, Prince of Dust comes into view.
Menkaure shouts!
The white imp gestures at you. The puff of frost hits you.
Something hits your butterfly!
Your butterfly dies!
Your butterfly disappears in a burst of colours!
The white imp gestures at you. The puff of frost hits you!
* * * LOW HITPOINT WARNING * * *
The white imp shouts, "Run away, thou peeagling dismal-dreaming tinkerer!"
The white imp gestures at you. The puff of frost hits you.
* * * LOW HITPOINT WARNING * * *
You see here a +0 ring mail.
The white imp attacks as you move away! You block the white imp's attack.
Menkaure calls on the powers of darkness!
Your body is wracked with pain!
* * * LOW HITPOINT WARNING * * *
There is a stone staircase leading up here.
The white imp hits you.
* * * LOW HITPOINT WARNING * * *
The white imp freezes you.
* * * LOW HITPOINT WARNING * * *
You climb upwards.
There is a stone staircase leading down here.
Casting: Fulminant Prism (dangerous; 19% risk of failure)
Confirm with . or Enter, or press ? or * to list all spells.
Aiming: Magic Dart (safe; 1% risk of failure)
Press: ? - help, Shift-Dir - straight line, f - white imp
Aim: a white imp (100% to hit)
The magic dart hits the white imp.
The white imp is heavily wounded.
The white imp gestures at you. The puff of frost hits you!
You die...

#..#.#...##.##.....
##.............####
##.#########..# #..#
#..#### ##.## #.....#
#..# #.###.. ##.##
###.# ##.
###.5#########...####.
#....@..........###...
#######.........#...#.
##...........###.
##..........### #.
##............####.
#..........##..#...
#.#...#.##..##...##
#..#.#..###...##...
###...∩...# ###..#...


You could see a white imp.

Vanquished Creatures
  A phantom (D:4)
  A necrophage (D:4)
  An orc priest (D:4)
  2 iguanas (D:4)
  3 orc wizards (D:4)
  An adder (D:4)
  A worm (D:2)
  3 dart slugs
  10 orcs
  9 endoplasms
  2 giant cockroaches
  5 goblins
  6 hobgoblins
  3 jackals (D:2)
  5 quokkas
  8 ball pythons
  6 bats
  4 frilled lizards
  7 kobolds
  5 rats
83 creatures vanquished.

Vanquished Creatures (others)
  4 fulminant prisms (D:4)
  7 fungi (D:4)
  A plant (D:1)
12 creatures vanquished.

Grand Total: 95 creatures vanquished

Notes
Turn   | Place    | Note
-------+----------+-------------------------------------------
     0 | D:1      | sking99 the Ogre Conjurer began the quest for the Orb.
     0 | D:1      | Reached XP level 1. HP: 16/16 MP: 3/3
   180 | D:1      | Reached XP level 2. HP: 26/26 MP: 3/5
   183 | D:1      | Learned a level 2 spell: Searing Ray
   299 | D:1      | Reached skill level 1 in Fighting
   691 | D:1      | Reached skill level 4 in Conjurations
  1391 | D:2      | Reached XP level 3. HP: 33/33 MP: 5/7
  1953 | D:2      | Learned a level 3 spell: Dazzling Flash
  2313 | D:3      | Found a hazy altar of Hepliaklqana.
  2580 | D:3      | Reached XP level 4. HP: 42/42 MP: 4/8
  2914 | D:3      | Found Ysad's Book Boutique.
  3047 | D:3      | Found a stormy altar of Qazlal.
  3056 | D:3      | Found a bloodstained altar of Trog.
  3120 | D:4      | Identified a scroll of acquirement
  3120 | D:4      | Acquired the amulet of the Amorous Plum {Reflect Str-4
                  | Int+4 SH+5 SInv}
  3168 | D:3      | Became a worshipper of Hepliaklqana the Forgotten
  3440 | D:4      | Noticed a necrophage
  3448 | D:4      | Killed a necrophage
  3449 | D:4      | Reached skill level 1 in Hexes
  3449 | D:4      | Reached XP level 5. HP: 52/52 MP: 2/10
  3910 | D:4      | Reached skill level 5 in Conjurations
  3920 | D:4      | Reached XP level 6. HP: 45/61 MP: 0/11
  4082 | D:4      | Learned a level 4 spell: Fulminant Prism
  4688 | D:4      | Noticed Pikel
  4738 | D:4      | Noticed Menkaure
  4747 | D:4      | HP: 1/63 [white imp (5)]
  4749 | D:3      | Killed from afar by a white imp

Illustrated notes

Levels and vault maps discovered:
D:1:      kilobyte_arrival_exit_the_forest, layout_basic
D:2:      layout_loops_cross
D:3:      layout_rooms, mainiacjoe_overflow_boulevard,
          mainiacjoe_overflow_swirl, serial_shops,
          nicolae_shop_advertising_works [nicolae_subvault_shop_adworks]
D:4:      layout_loops_cross, serial_aquarium, aquarium_bridge_square
          [aquarium_subvault_bridge, aquarium_subvault_balcony,
          aquarium_subvault_bridge, aquarium_subvault_bridge],
          aquarium_bridge_square [aquarium_subvault_balcony,
          aquarium_subvault_bridge, aquarium_subvault_wall,
          aquarium_subvault_balcony], aquarium_window_fake,
          aquarium_window_fake, aquarium_window_1, aquarium_window_2,
          aquarium_view_2d, aquarium_balcony_3b, aquarium_pool_2, st_stairs_11,
          grunt_ministairs_11, minmay_distorted, uniq_menkaure, uniq_pikel

Skill      XL: |  1  2  3  4  5  6 |
---------------+-------------------+-----
Fighting       | 1 2 3 4 |  4.5
Conjurations   | 4 5 |  5.0
Spellcasting   | 3 4 |  4.0
Hexes          | 1 2 |  2.6
Dodging        | |  1.7
Stealth        | |  1.4

Action                   |  1- 3 |  4- 6 || total
-------------------------+-------+-------++-------
Melee: Unarmed           |     1 |       ||     1
       Short sword       |     1 |       ||     1
       Whip              |       |     5 ||     5
       Punch             |       |     1 ||     1
 Cast: Magic Dart        |    76 |    94 ||   170
       Searing Ray       |     6 |     5 ||    11
       Fulminant Prism   |       |     4 ||     4
  Use: Scroll            |       |    11 ||    11
Armor: Robe              |     2 |     8 ||    10
Dodge: Dodged            |     8 |    12 ||    20
Block: Other             |       |     6 ||     6
